 Dungeon Crawl Stone Soup version 0.17-a0-2171-ga91b4ec (webtiles) character file.

1020 nicanaca0 the Cruncher (level 8, 62/62 HPs)
             Began as a Minotaur Gladiator on Oct 25, 2015.
             Was a Follower of Makhleb.
             Quit the game on level 6 of the Dungeon.
             The game lasted 00:09:16 (3745 turns).

nicanaca0 the Cruncher (Minotaur Gladiator)         Turns: 3745, Time: 00:09:16

Health: 62/62      AC: 10    Str: 20    XL:     8   Next: 2%
Magic:  7/7        EV: 12    Int:  5    God:    Makhleb [*.....]
Gold:   38         SH:  0    Dex: 13    Spells: 0 memorised, 7 levels left

rFire  . . .     SeeInvis .     a - +4 quarterstaff
rCold  . . .     Clarity  .     H - +1 ring mail {MR+}
rNeg   . . .     SustAt   .     (no shield)
rPois  .         Gourm    .     c - +1 hat
rElec  .         Spirit   .     (no cloak)
rCorr  .         Warding  .     m - +1 pair of gloves
rMut   .         Rnd*Tele +     j - +0 pair of boots
MR     +....                    (no amulet)
Stlth  +.........               (no ring)
                                p - ring of teleportation

@: somewhat resistant to hostile enchantments, very unstealthy
A: retaliatory headbutt, horns 2
a: Renounce Religion, Evoke Teleportation


You were on level 6 of the Dungeon.
You worshipped Makhleb.
Makhleb was aware of your devotion.
You were hungry.

You visited 1 branch of the dungeon, and saw 6 of its levels.

You collected 200 gold pieces.
You spent 162 gold pieces at shops.

Inventory:

Hand Weapons
 a - a +4 quarterstaff (weapon)
 b - a +0 quarterstaff of holy wrath
 i - a +2 spear of venom
Missiles
 d - 3 throwing nets (quivered)
Armour
 c - a +1 hat (worn)
 g - a +0 scale mail
 j - a +0 pair of boots (worn)
 m - a +1 pair of gloves (worn)
 H - a +1 ring mail of magic resistance (worn)
Jewellery
 p - a ring of teleportation (left hand)
Wands
 x - a wand of paralysis (4)
 A - a wand of cold (0)
Scrolls
 h - 2 scrolls of random uselessness {unknown}
 l - a scroll of enchant armour
 o - 2 scrolls of amnesia {unknown}
 q - 2 scrolls of immolation {unknown}
 y - a scroll of fog {unknown}
 z - a scroll of teleportation {unknown}
 D - a scroll of remove curse
Potions
 s - a potion of beneficial mutation
 u - a potion of lignification
 v - a potion of cancellation
 w - a potion of poison
 B - a potion of agility
 E - a potion of degeneration {unknown}
 F - a potion of brilliance {unknown}
Comestibles
 e - 5 bread rations
 f - 4 fruits
 k - 6 chunks of flesh
 n - a beef jerky
 t - 3 meat rations
 C - a slice of pizza
 G - a royal jelly


   Skills:
 - Level 2.4 Fighting
 + Level 11.4 Staves
 - Level 2.0 Throwing
 - Level 3.2 Dodging


You had 7 spell levels left.
You didn't know any spells.

Dungeon Overview and Level Annotations

Branches:
Dungeon (6/15)             Temple (0/1) D:4

Altars:
Cheibriados
Dithmenos
Elyvilon
Kikubaaqudgha
Makhleb
Ru
Sif Muna
Yredelemnul

Shops:
D:5 ?


Innate Abilities, Weirdness & Mutations

You reflexively headbutt those who attack you in melee.
You have a pair of horns on your head.


Message History

a centaur corpse You butcher the centaur corpse.
k - 5 chunks of flesh
Items here: ( ))) ÷ an uncursed shortbow; 18 arrows; a +0 quarterstaff; a falchion a centaur skeleton There isn't anything to butcher here.
There is an open door here.
You see here a worker ant corpse.
You butcher the worker ant corpse.
k - 6 chunks of flesh (gained 1)
There is an open door here.
There isn't anything here!
You are alive.
Your movement speed is average.
Your attack speed is above average.
You are somewhat resistant to hostile enchantments.
You are very unstealthy.
Unknown command.
Okay, then.
Are you sure you want to abandon this character and quit the game? (Confirm with "yes".)

#.............# #........#...5.
#.............# #.....#.....#
#...........<.# #.c..)#.###.#
#.............# #a....#.....#.
#.............# #..............
#.............# #.#............
#.............# #.##...........
#.............###.#############
#............(@)(.#
#.............#####
#.............# #....._..._...#
#.............# ###.....⌠.....#
#...........# #..._..._...#
##.........##


There were no monsters in sight!

Vanquished Creatures
  The ghost of PeterLawrence the Shield-Bearer, an amateur MiFi of Okawaru (D:5)
  A deep elf mage (D:6)
  A sky beast (D:5)
  The ghost of nublet the Ruffian, an amateur DrTm (D:3)
  A centaur (D:6)
  2 crimson imps
  A centaur zombie (D:5)
  2 orc priests (D:5)
  2 iguanas
  3 worker ants
  4 adders
  3 worms
  7 orcs
  2 ball pythons
  4 bats
  6 hobgoblins
  13 jackals
  9 kobolds
  2 quokkas (D:3)
  A giant gecko skeleton (D:5)
  A giant newt (D:1)
  9 goblins
  A quokka zombie (D:5)
  6 rats
83 creatures vanquished.

Notes
Turn   | Place    | Note
--------------------------------------------------------------
     0 | D:1      | nicanaca0 the Minotaur Gladiator began the quest for the Orb.
     0 | D:1      | Reached XP level 1. HP: 18/18 MP: 0/0
   157 | D:1      | Reached skill level 4 in Staves
   218 | D:1      | Reached XP level 2. HP: 25/25 MP: 1/1
   594 | D:2      | Reached skill level 5 in Staves
   648 | D:2      | Reached XP level 3. HP: 24/30 MP: 2/2
   972 | D:2      | Found a shadowy altar of Dithmenos.
  1473 | D:3      | Reached XP level 4. HP: 35/37 MP: 3/3
  1529 | D:3      | Found a burning altar of Makhleb.
  1593 | D:3      | Reached skill level 6 in Staves
  1631 | D:3      | Became a worshipper of Makhleb the Destroyer
  1883 | D:3      | Noticed nublet's ghost (amateur DrTm)
  1894 | D:3      | Killed nublet's ghost
  1894 | D:3      | Reached skill level 7 in Staves
  1894 | D:3      | Reached XP level 5. HP: 42/42 MP: 4/4
  2246 | D:4      | Found a white marble altar of Elyvilon.
  2416 | D:4      | Found a staircase to the Ecumenical Temple.
  2549 | D:5      | Entered Level 5 of the Dungeon
  2639 | D:5      | Found Codilora's Magic Scroll Shop.
  2646 | D:5      | Bought a scroll of identify for 26 gold pieces
  2646 | D:5      | Bought a scroll of remove curse for 39 gold pieces
  2646 | D:5      | Bought a scroll of enchant armour for 97 gold pieces
  2677 | D:5      | Noticed PeterLawrence's ghost (amateur MiFi)
  2728 | D:5      | Killed PeterLawrence's ghost
  2728 | D:5      | Reached skill level 9 in Staves
  2728 | D:5      | Reached XP level 6. HP: 30/50 MP: 5/5
  2859 | D:5      | Noticed a sky beast
  2868 | D:5      | Killed a sky beast
  2868 | D:5      | Reached XP level 7. HP: 23/56 MP: 6/6
  3123 | D:5      | Reached skill level 10 in Staves
  3241 | D:5      | Reached * piety under Makhleb
  3373 | D:5      | Found a basalt altar of Yredelemnul.
  3517 | D:6      | Found a deep blue altar of Sif Muna.
  3517 | D:6      | Found a snail-covered altar of Cheibriados.
  3522 | D:6      | Found an ancient bone altar of Kikubaaqudgha.
  3555 | D:6      | Noticed a deep elf mage
  3566 | D:6      | Killed a deep elf mage
  3566 | D:6      | Reached skill level 11 in Staves
  3584 | D:6      | Found a sacrificial altar of Ru.
  3738 | D:6      | Reached XP level 8. HP: 62/62 MP: 7/7
  3745 | D:6      | Quit the game

Vault maps used:
D:1:      onia_arrival_pyramid, hangedman_feature_mirror,
          kennysheep_nondescript, hangedman_decor_clover_reticule
D:2:      grunt_dithmenos_smoke, first_bread, serial_bayou_lake_a
D:3:      bloody_makhleb
D:4:      kennysheep_little_box, minmay_temple_entry_fiery
D:5:      nicolae_overflow_crystal_walls, serial_shops, shop,
          nicolae_ossuary_entry_monument
D:6:      hangedman_cross_stitches, nicolae_overflow_hidden_temple,
          grunt_temple_overflow_open, uniq_sigmund

Action                   |  1- 3 |  4- 6 |  7- 9 || total
-------------------------+-------+-------+-------++-------
Melee: Quarterstaff      |    86 |    67 |    58 ||   211
Evoke: Wand              |       |     6 |       ||     6
  Use: Potion            |       |     3 |       ||     3
       Scroll            |       |       |     8 ||     8
 Stab: Paralysed         |       |     7 |       ||     7
  Eat: Chunk             |     2 |     4 |     2 ||     8
